 Dungeon Crawl Stone Soup version 0.28-a0-751-gef3a642a4e (webtiles) character file.

Game seed: 2341955467921970357

139 Conn the Firebug (level 5, 0/31 HPs)
             Began as an Octopode Fire Elementalist on Oct 30, 2021.
             Slain by Duvessa (13 damage)
             ... on level 4 of the Dungeon.
             The game lasted 00:04:13 (3206 turns).

Conn the Firebug (Octopode Fire Elementalist)       Turns: 3206, Time: 00:04:14

Health: 0/31       AC:  1    Str:  7    XL:     5   Next: 22%
Magic:  0/9        EV: 13    Int: 18    God:
Gold:   137        SH:  0    Dex: 13    Spells: 8/9 levels left

rFire   . . .      SeeInvis .   g - +0 dagger
rCold   . . .      Faith    .   (no shield)
rNeg    . . .      Spirit   .   (helmet restricted)
rPois   +          Reflect  .   (no amulet)
rElec   .          Harm     .   j - ring of poison resistance
rCorr   .          Rampage  .   (no ring)
Will    .....                   (no ring)
Stlth   +++.......              (no ring)
HPRegen 0.10/turn               (no ring)
MPRegen 0.11/turn               (no ring)
                                (no ring)
                                (no ring)

@: no status effects
A: almost no armour, amphibious, 8 rings, camouflage 1, gelatinous body 1,
(nimble swimmer 1), tentacles
a: no special abilities


You were on level 4 of the Dungeon.
You visited 1 branch of the dungeon, and saw 4 of its levels.

You collected 137 gold pieces.

Inventory:

Hand Weapons
 g - a +0 dagger (weapon)
Missiles
 c - 23 poisoned darts
Jewellery
 j - a ring of poison resistance (left tentacle)
Wands
 d - a wand of digging (1)
Scrolls
 b - 5 scrolls of identify {unknown}
 e - 2 scrolls of enchant weapon {unknown}
 l - a scroll of magic mapping {unknown}
Potions
 f - a potion of curing {unknown}
 k - a potion of brilliance {unknown}


   Skills:
 + Level 0.2 Fighting
 + Level 0.8 Short Blades
 + Level 2.2 Dodging
 + Level 3.7 Stealth
 + Level 2.9 Spellcasting
 + Level 2.0 Conjurations
 + Level 4.0 Fire Magic


You had 8 spell levels left.
You knew the following spells:

 Your Spells              Type           Power      Damage    Failure   Level
a - Foxfire               Conj/Fire      52%        2x1d6     4%          1

Your spell library contained the following spells:

 Spells                   Type           Power      Damage    Failure   Level
 Scorch                   Fire           34%        2d6       4%          2
 Conjure Flame            Conj/Fire      13%        6-21      14%         3
 Inner Flame              Hex/Fire       10%        N/A       22%         3
 Sublimation of Blood     Necr           1%         N/A       26%         2
 Wereblood                Tmut           2%         N/A       26%         2
 Flame Wave               Conj/Fire      13%        3d5       43%         4
 Summon Hydra             Summ           1%         N/A       100%        7


Dungeon Overview and Level Annotations

Branches:
Dungeon (4/15)
 Temple: D:4-7

Altars:
Trog

Annotations:
D:4 Dowan, Duvessa


Innate Abilities, Weirdness & Mutations

You cannot wear most types of armour.
You are amphibious.
You can wear up to eight rings at the same time.
Your skin changes colour to match your surroundings (Stealth+).
Your rubbery body absorbs attacks. (AC +1, EV +1)
((You are camouflaged near water. (Stealth+)))
You have tentacles for arms and can constrict up to eight enemies at once.


Message History

Duvessa is heavily wounded.
The foxfire hits Duvessa.
Duvessa is heavily wounded.
Dowan says, "Stay away from my face!"
Duvessa closely misses you.
Casting: Foxfire (safe; 4% risk of failure)
Confirm with . or Enter, or press ? or * to list all spells.
You conjure some foxfire!
The foxfire hits Duvessa but does no damage.
Duvessa is heavily wounded.
Dowan casts a spell at Duvessa.
Duvessa seems to speed up.
Duvessa hits you with a +0 rapier!
The foxfire hits Duvessa.
Duvessa is heavily wounded.
The foxfire hits Duvessa but does no damage.
Duvessa is heavily wounded.
The foxfire hits Duvessa but does no damage.
Duvessa is heavily wounded.
Dowan gestures wildly while chanting.
Dowan blinks!
There is a stone staircase leading up here.
Okay, then.
Okay, then.
Okay, then.
As you read the scroll labelled NUSTUO WEOJ, it crumbles to dust.
It is a scroll of amnesia.
Really abort (and waste the scroll)?
Okay, then.
Duvessa hits you with a +0 rapier.
As you read the scroll labelled GURUTECURPH, it crumbles to dust.
The creatures around you are filled with an inner flame!
It was a scroll of immolation.
Duvessa hits you with a +0 rapier.
* * * LOW HITPOINT WARNING * * *
Duvessa hits you with a +0 rapier.
* * * LOW HITPOINT WARNING * * *
You feel much better. Duvessa hits you with a +0 rapier!
Casting: Foxfire (safe; 4% risk of failure)
Confirm with . or Enter, or press ? or * to list all spells.
You conjure some foxfire!
Duvessa hits you with a +0 rapier! x2
You die...

.#.. .....##..
.....##........
....#.........
...#.........
#......e.... .
#........... .$.
#....$.....
.....##.........
#..v@e.......
#...#v.......
.)....##.##.....
....## ... .....
.#. .... .... #
..... ...
..........
!.##..


You could see Duvessa (fast, inner flame, ally target) and Dowan (inner flame).

Vanquished Creatures
  A centaur zombie (D:3)
  2 adders (D:3)
  3 worms
  2 dart slugs
  4 orcs
  3 endoplasms
  6 giant cockroaches
  7 goblins
  9 hobgoblins
  2 quokkas (D:2)
  5 ball pythons
  6 bats
  6 frilled lizards
  5 kobolds
  5 rats
66 creatures vanquished.

Vanquished Creatures (others)
  174 foxfires
174 creatures vanquished.

Grand Total: 240 creatures vanquished

Notes
Turn   | Place    | Note
-------+----------+-------------------------------------------
     0 | D:1      | Conn the Octopode Fire Elementalist began the quest for the
                  | Orb.
     0 | D:1      | Reached XP level 1. HP: 11/11 MP: 3/3
   224 | D:1      | Reached XP level 2. HP: 17/17 MP: 0/5
  1017 | D:2      | Reached XP level 3. HP: 21/21 MP: 2/6
  1653 | D:2      | Reached XP level 4. HP: 27/27 MP: 7/7
  1716 | D:2      | Found a faded altar of an unknown god.
  2546 | D:3      | Reached skill level 4 in Fire Magic
  2644 | D:3      | Reached XP level 5. HP: 29/31 MP: 5/9
  2733 | D:3      | Found a bloodstained altar of Trog.
  3192 | D:4      | Noticed Duvessa
  3192 | D:4      | Noticed Dowan
  3206 | D:4      | Slain by Duvessa

Illustrated notes

Levels and vault maps discovered:
D:1:      nzn_arrival_depleted_hourglass, layout_basic, dk_noncrumbling_3,
          minmay_octomino_j4
D:2:      layout_basic, hellmonk_ecumenical_altar_crossroads
D:3:      layout_loops_corners, trog_three_pillars_becter
D:4:      layout_cave_pools, nzn_wu_jian_council_hall,
          nicolae_dithmenos_shadow_blocks, mainiacjoe_overflow_alcove_4,
          gammafunk_ghost_nasty_kobolds, uniq_duvessa

Skill      XL: |  1  2  3  4 |
---------------+-------------+-----
Stealth        | 3 |  3.7
Conjurations   | 2 |  2.0
Fire Magic     | 4 |  4.0
Fighting       | |  0.2
Short Blades   | |  0.8
Dodging        | |  2.2
Spellcasting   | |  2.9

Action                   |  1- 3 |  4- 6 || total
-------------------------+-------+-------++-------
Melee: Unarmed           |     7 |       ||     7
       Constrict         |     9 |     4 ||    13
       Tentacles         |     1 |     4 ||     5
       Dagger            |    16 |    28 ||    44
 Cast: Foxfire           |    60 |    41 ||   101
  Use: Potion            |       |     2 ||     2
       Scroll            |       |     2 ||     2
 Stab: Sleeping          |     3 |     5 ||     8
Armor: Skin              |     2 |     4 ||     6
Dodge: Dodged            |     9 |    26 ||    35

Table legend: (Time is in decaauts)
 A = Elapsed time spent in this place.
 B = Non-inter-level travel time spent in this place.
 C = Inter-level travel time spent in this place.
 D = Time resting spent in this place.
 E = Time spent auto-exploring this place.
 F = Levels seen in this place.
 G = Mean time per level.
                   A        B        C        D        E       F      G
               +--------+--------+--------+--------+--------+-----+--------+
         Total |   3203 |   3183 |     20 |      0 |   2588 |   4 |  800.8 |
       Dungeon |   3203 |   3183 |     20 |      0 |   2588 |   4 |  800.8 |
               +--------+--------+--------+--------+--------+-----+--------+

Top non-repeatable levels by time:
     D:3: 1293 daAuts
     D:1: 1011 daAuts
     D:2: 865 daAuts
     D:4: 32 daAuts
